cohdb
Replays
Latest Replays
All Replays
Popular Replays
Top Player Replays
Match Explorer
How It Works
Community
CoH3 Stats
Reddit
Sign in to upload your games and track your stats! →
Sign in with Steam
Match 25958047
Unlisted
Match 25958047
Overview
Messages
Build Orders
End
Vickers Machine Gun Team
Construct Section Command Post
Selects Australian Defense Battlegroup
Selects Australian Light Infantry Section
Australian Light Infantry Section
Construct Platoon Command Post
6-pounder Anti-tank Gun Team
Humber Armored Car
Selects Defensive Tactics
Australian Light Infantry Section
Australian Light Infantry Section
Selects CMP 15cwt Supply Run
Selects Artillery Trip Wire Flares
Royal Engineer Section
Selects Charged Creeping Barrage
CMP 15cwt Supply Run
Ande
littlelake
Eber
CPU - Experto
CPU - Experto
CPU - Experto
0
0
Comments
sign in to comment!
No comments posted yet!